AoeStats
← len´s_goth

Arabia

510399966Analyzed
1v1 RM · 13h ago on Sep 30, 2026· 54m 14s· 2 players
Game mode
Random Map
Map size
Tiny (2 player)
Population
200
Speed
Normal
Resources
Standard
Victory
Conquest
Starting age
Dark Age
Ending age
Imperial Age
RankedLock teamsTeams togetherTeam positionsShared explorationLock speedFull tech treeHidden civsTurbo modeCheats
Victory
Defeat
🇬🇧 Lithuanians · United Kingdom
1085
+17
🇲🇽 Mongols · Mexico
1098
-17
PingSlayer
0:28 Loom
11:07 Feudal Age
12:13 Double-Bit Axe
12:11 Horse Collar
18:13 Wheelbarrow
22:14 Castle Age
20:51 Fletching
22:38 Scale Mail Armor
22:18 Elite Skirmisher
23:04 Thumb Ring
23:28 Pikeman
24:08 Squires
31:07 Ballistics
35:51 Scale Barding Armor
36:30 Bloodlines
37:03 Husbandry
39:18 Hand Cart
44:07 Imperial Age
42:06 Chain Barding Armor
41:57 Forging
41:44 Bodkin Arrow
41:37 Arson
41:55 Gold Mining
42:41 Masonry
43:09 Bow Saw
45:07 Iron Casting
44:48 Chain Mail Armor
44:12 Elite Leitis
44:53 Tower Shields
45:14 Conscription
45:44 Plate Barding Armor
46:08 Stone Mining
46:35 Heavy Plow
46:57 Bracer
46:30 Halberdier
49:25 Crop Rotation
52:53 Murder Holes
len´s_goth
6:30 Loom
9:39 Feudal Age
19:49 Castle Age
18:42 Gold Mining
18:39 Double-Bit Axe
19:56 Fletching
20:58 Bodkin Arrow
23:02 Padded Archer Armor
23:35 Ballistics
23:18 Town Watch
24:20 Thumb Ring
25:37 Husbandry
27:03 Leather Archer Armor
27:40 Gold Shaft Mining
29:22 Bow Saw
30:36 Town Patrol
33:04 Horse Collar
34:16 Stone Mining
38:05 Imperial Age
36:49 Stone Shaft Mining
36:52 Bloodlines
40:10 Wheelbarrow
44:41 Heavy Plow
45:07 Scale Barding Armor
45:13 Forging
49:10 Conscription
48:55 Bracer
50:47 Elite Mangudai
Connection lost

Rejoining the realm…

Still unreachable

The connection could not be restored.

Session expired

The server has moved on; the page needs a fresh start.